 Dungeon Crawl Stone Soup version 0.26.1-11-gd32895ea62 (webtiles) character file.

Game seed: 5609339162266479234

7289 Zeld the Geomancer (level 11, -13/64 HPs)
             Began as a Gargoyle Earth Elementalist on Aug 9, 2021.
             Was an Elder of Sif Muna.
             Mangled by a komodo dragon (22 damage)
             ... on level 10 of the Dungeon on Aug 31, 2021.
             The game lasted 00:42:45 (17032 turns).

Zeld the Geomancer (Gargoyle Earth Elementalist)   Turns: 17032, Time: 00:42:45

Health: -13/64     AC: 15    Str: 13    XL:     11   Next: 12%
Magic:  1/21       EV: 13    Int: 18    God:    Sif Muna [****..]
Gold:   944        SH:  4    Dex: 10    Spells: 9/24 levels left

rFire    . . .     SeeInvis .   b - +6 whip (venom)
rCold    . . .     Faith    .   o - +0 buckler
rNeg     + + .     Spirit   .   C - +0 robe {rN+}
rPois    ∞         Reflect  .   f - +0 helmet
rElec    +         Harm     .   (no cloak)
rCorr    .         Rampage  .   B - +0 pair of gloves
Will     .....                  x - +2 pair of boots
Stlth    +++.......             (no amulet)
HPRegen  0.20/turn              (no ring)
MPRegen  0.17/turn              (no ring)

@: no status effects
A: negative energy resistance 1, electricity resistance, unbreathing,
petrification resistance, miasma immunity, AC +8
a: Renounce Religion, Channel Magic, Forget Spell, Divine Exegesis


You were on level 10 of the Dungeon.
You worshipped Sif Muna.
Sif Muna was greatly pleased with you.
You visited 2 branches of the dungeon, and saw 11 of its levels.

You collected 1196 gold pieces.
You spent 252 gold pieces at shops.

Inventory:

Hand Weapons
 b - a +6 whip of venom (weapon)
Missiles
 c - 145 stones (quivered)
Armour
 f - a +0 helmet (worn)
 o - a +0 buckler (worn)
 x - a +2 pair of boots (worn)
 B - a +0 pair of gloves (worn)
 C - a +0 robe of positive energy (worn)
Magical Staves
 a - an uncursed staff of earth
Wands
 i - a wand of polymorph (6)
 k - a wand of iceblast (8)
 p - a wand of flame (12)
 y - a wand of random effects (43)
Scrolls
 d - 6 scrolls of remove curse
 l - 7 scrolls of teleportation
 m - 6 scrolls of magic mapping
 r - a scroll of silence
 s - 2 scrolls of fear
 t - a scroll of identify
 v - 2 scrolls of vulnerability {unknown}
 w - a scroll of random uselessness {unknown}
 A - a scroll of brand weapon {unknown}
 F - 2 scrolls of enchant armour {unknown}
 G - a scroll of holy word {unknown}
Potions
 e - 2 potions of mutation {unknown}
 g - 4 potions of brilliance {unknown}
 h - 5 potions of curing {unknown}
 j - 5 potions of heal wounds {unknown}
 n - a potion of might {unknown}
 q - 3 potions of flight {unknown}
 u - a potion of lignification {unknown}
 z - a potion of degeneration {unknown}
 D - 2 potions of magic {unknown}
 E - a potion of attraction {unknown}


   Skills:
 + Level 5.5 Fighting
 + Level 4.4 Dodging
 + Level 6.5 Stealth
 - Level 4.0 Shields
 * Level 7.0 Spellcasting
 + Level 5.5 Conjurations
 - Level 1.0 Transmutations
 * Level 9.7 Earth Magic
 * Level 7.7 Invocations


You had 9 spell levels left.
You knew the following spells:

 Your Spells              Type           Power        Failure   Level
a - Sandblast             Erth           82%          1%          1
b - Passwall              Tmut/Erth      20%          1%          2
c - Stone Arrow           Conj/Erth      66%          1%          3
d - Petrify               Tmut/Erth      25%          12%         4
e - Lee's Rapid Deconstr  Erth           20%          5%          5

Your spell library contained the following spells:

 Spells                   Type           Power        Failure   Level
 Corona                   Hex            6%           11%         1
 Dazzling Flash           Conj/Hex       32%          11%         3
 Ensorcelled Hibernation  Hex/Ice        12%          16%         2
 Confusing Touch          Hex            6%           32%         3
 Gell's Gravitas          Tloc           3%           32%         3
 Tukima's Dance           Hex            6%           32%         3
 Yara's Violent Unravell  Hex/Tmut       4%           94%         5
 Metabolic Englaciation   Hex/Ice        3%           96%         5


Dungeon Overview and Level Annotations

Branches:
Dungeon (10/15)            Temple (1/1) D:5            Lair (0/6) D:10
    Orc (0/2) D:10

Altars:
Ashenzari
Cheibriados
Dithmenos
Elyvilon
Fedhas
Gozag
Hepliaklqana
Kikubaaqudgha
Makhleb
Nemelex Xobeh
Okawaru
Qazlal
Ru
Sif Muna
Trog
Uskayaw
Vehumet
Wu Jian
Xom
Yredelemnul
Zin
The Shining One

Shops:
D:6 =   D:9 *


Innate Abilities, Weirdness & Mutations

You are resistant to torment.
Your stone body is resilient. (AC +8)
You are immune to poison.
You resist negative energy. (rN+)
You are resistant to electric shocks. (rElec)
You can survive without breathing.
You are immune to petrification.
You are immune to miasma.


Message History

The komodo dragon is almost dead.
The komodo dragon barely misses you.
You hit the komodo dragon but do no damage.
The komodo dragon is almost dead.
The komodo dragon bites you!
* * * LOW HITPOINT WARNING * * *
Press: ? - help, v - describe, . - travel
Here: a komodo dragon (almost dead)
The floor.
Casting: Sandblast (safe; 1% risk of failure)
Confirm with . or Enter, or press ? or * to list all spells.
Aiming: Sandblast (safe; 1% risk of failure)
Press: ? - help, Shift-Dir - straight line, f/p - komodo dragon
Aim: a komodo dragon (almost dead, 13% to evade)
The blast of sand hits the komodo dragon but does no damage.
The komodo dragon is almost dead.
c - 145 stones You block the komodo dragon's attack.
The komodo dragon bites you!!
You die...

#..#### #'##... ##......
#....... ##....... ###........
####........##
######..........## #####
#.@.†...........# ##...####
#.#l...........##
#.......###.#.........##'#
#...........#......####..#
#...........#....###....##..#
##>..........#...##......#!...
#............#...#...)#..#$...
#............#..##..)##og#####
#............#..#...###...†.†.


You could see a komodo dragon.

Vanquished Creatures
  A two-headed ogre (D:8)
  A gargoyle (D:8)
  A troll (D:10)
  Prince Ribbit (D:5)
  6 yaks (D:9)
  A water moccasin (D:9)
  4 orc warriors
  2 phantoms
  3 ice beasts
  A sky beast (D:10)
  2 eyes of draining (D:6)
  6 ogres
  5 centaurs
  A big kobold (D:8)
  6 bullfrogs
  A gnoll sergeant (D:10)
  A wyvern skeleton (D:7)
  2 scorpions
  7 killer bees
  8 wights (D:10)
  2 vampire bats (D:3)
  A howler monkey (D:7)
  2 centaur zombies
  A quasit (D:8)
  4 hounds
  5 jellies
  A centaur skeleton (D:8)
  7 orc priests
  2 iguanas
  5 worker ants
  5 orc wizards
  A hound skeleton (D:7)
  A worker ant zombie (D:6)
  6 adders
  2 shadow imps
  4 white imps
  An ufetubus (D:9)
  2 oozes
  3 worms
  3 dart slugs
  2 leopard geckos
  27 orcs
  8 bats
  3 bat skeletons (D:3)
  2 bat zombies (D:3)
  9 giant cockroaches
  14 goblins
  10 hobgoblins
  9 jackals
  13 kobolds
  9 quokkas
  2 ball pythons
  14 frilled lizards
  A jackal skeleton (D:7)
  13 rats
254 creatures vanquished.

Notes
Turn   | Place    | Note
-------+----------+-------------------------------------------
     0 | D:1      | Zeld the Gargoyle Earth Elementalist began the quest for
                  | the Orb.
     0 | D:1      | Reached XP level 1. HP: 10/10 MP: 3/3
    82 | D:1      | Reached XP level 2. HP: 15/15 MP: 0/5
   203 | D:1      | Learned a level 2 spell: Passwall
   479 | D:1      | Reached skill level 4 in Earth Magic
   498 | D:1      | Reached skill level 1 in Transmutations
   722 | D:1      | Reached XP level 3. HP: 20/20 MP: 2/6
   726 | D:1      | Learned a level 3 spell: Stone Arrow
  1150 | D:1      | You fall into a shaft and drop 1 floor!
  1157 | D:2      | Reached skill level 1 in Fighting
  1294 | D:2      | Reached XP level 4. HP: 25/25 MP: 2/7
  1504 | D:2      | Found a shimmering blue altar of Sif Muna.
  1506 | D:2      | Found a glowing golden altar of the Shining One.
  1514 | D:2      | Became a worshipper of Sif Muna the Loreminder
  2172 | D:2      | Reached skill level 1 in Conjurations
  2196 | D:2      | Reached * piety under Sif Muna
  2565 | D:3      | Found an ancient bone altar of Kikubaaqudgha.
  2575 | D:3      | Reached skill level 1 in Invocations
  2575 | D:3      | Reached XP level 5. HP: 29/29 MP: 6/9
  2732 | D:3      | Found a stormy altar of Qazlal.
  2900 | D:3      | Found a shimmering altar of Xom.
  3696 | D:4      | Reached XP level 6. HP: 34/35 MP: 4/10
  3701 | D:4      | Learned a level 4 spell: Petrify
  3976 | D:4      | Reached skill level 5 in Earth Magic
  4206 | D:5      | Entered Level 5 of the Dungeon
  4236 | D:5      | Reached skill level 1 in Shields
  4531 | D:5      | Found a staircase to the Ecumenical Temple.
  4542 | Temple   | Entered the Ecumenical Temple
  4774 | D:5      | Reached XP level 7. HP: 40/40 MP: 6/12
  4854 | D:5      | Noticed Prince Ribbit
  6603 | D:3      | Reached ** piety under Sif Muna
  6756 | D:3      | Found a faded altar of an unknown god.
  7442 | D:5      | Killed Prince Ribbit
  7443 | D:5      | Reached skill level 6 in Earth Magic
  7443 | D:5      | Reached XP level 8. HP: 21/45 MP: 0/14
  7451 | D:4      | Learned a level 5 spell: Lee's Rapid Deconstruction
  8503 | D:6      | Found a bloodstained altar of Trog.
  8665 | D:6      | Found Vigayh's Jewellery Boutique.
  9472 | D:7      | Reached skill level 7 in Earth Magic
  9472 | D:7      | Reached XP level 9. HP: 32/51 MP: 3/16
  9783 | D:7      | Reached skill level 5 in Spellcasting
 10077 | D:7      | Reached skill level 5 in Invocations
 10308 | D:7      | Reached *** piety under Sif Muna
 11265 | D:8      | Reached skill level 5 in Stealth
 11765 | D:8      | Reached skill level 8 in Earth Magic
 11826 | D:8      | Got a flickering ivory ring
 12671 | D:8      | Noticed a gargoyle
 12674 | D:8      | Killed a gargoyle
 12675 | D:8      | Reached XP level 10. HP: 58/58 MP: 2/18
 12782 | D:8      | Got a slimy flail
 12783 | D:8      | Identified the cursed +1 flail "Anompecs" {speed, *Slow
                  | Int+2 Dex+3} (You found it on level 8 of the Dungeon)
 12900 | D:8      | Reached **** piety under Sif Muna
 13262 | D:8      | Noticed a two-headed ogre
 13270 | D:8      | Killed a two-headed ogre
 13562 | D:9      | Identified the ring of Voadaor {*Slow rF++ Str+2 Slay+2
                  | Stlth-} (You found it on level 8 of the Dungeon)
 14056 | D:9      | Found Zingas's Assorted Antiques.
 14073 | D:9      | Bought a scroll labelled QUEMIXUOPE for 28 gold pieces
 14073 | D:9      | Bought 3 scrolls labelled ETAROIL ECS for 84 gold pieces
 14073 | D:9      | Bought a wand of random effects (20) for 28 gold pieces
 14073 | D:9      | Bought a scroll labelled GAROFA WODGH for 28 gold pieces
 14073 | D:9      | Bought a scroll of remove curse for 84 gold pieces
 14735 | D:9      | Identified 2 scrolls of acquirement
 14746 | D:9      | Acquired 715 gold pieces
 14750 | D:9      | Acquired an uncursed staff of earth
 14760 | D:9      | Reached skill level 5 in Fighting
 14760 | D:9      | Reached skill level 9 in Earth Magic
 15153 | D:9      | Reached skill level 5 in Conjurations
 15436 | D:10     | Entered Level 10 of the Dungeon
 15787 | D:10     | Found a staircase to the Orcish Mines.
 15793 | D:10     | Found a staircase to the Lair.
 16307 | D:10     | Reached XP level 11. HP: 64/64 MP: 10/21
 17032 | D:10     | Mangled by a komodo dragon

Illustrated notes

Levels and vault maps discovered:
D:1:      amcnicky_arrival_choice, layout_basic
D:2:      layout_loops_ring, chequers_temple_overflow_statue_of_worship,
          minmay_goblin_outpost
D:3:      minmay_diamond_boxcup, layout_basic, overflow_temple_1_default,
          kennysheep_vampire_church, old_standard_altar,
          chequers_ecumenical_altar_grove
D:4:      layout_basic
D:5:      layout_basic, minmay_temple_entry_statues_pillars, uniq_prince_ribbit1
D:6:      layout_basic, serial_shops, shop, corexii_checkpoint_a,
          trog_eyes_of_draining
D:7:      layout_gridville
D:8:      layout_basic, small_chamber_with_monster
D:9:      layout_basic, serial_shops, shop_statue
D:10:     minmay_quarter_circles, layout_cave_pods, lair_entry_dummy
Temple:   minmay_crystal_spiral_temple

Skill      XL: |  1  2  3  4  5  6  7  8  9 10 11 |
---------------+----------------------------------+-----
Earth Magic    | 4 5 6 7 8 9 |  9.7
Transmutations | 1 |  1.0
Fighting       | 1 2 3 4 5 |  5.5
Conjurations   | 1 2 3 4 5 |  5.5
Dodging        | 2 3 4 |  4.4
Invocations    | 1 2 3 4 6 7 |  7.7
Stealth        | 3 4 5 6 |  6.5
Spellcasting   | 3 4 5 6 7 |  7.0
Shields        | 1 2 3 4 |  4.0

Action                   |  1- 3 |  4- 6 |  7- 9 | 10-12 || total
-------------------------+-------+-------+-------+-------++-------
Melee: Unarmed           |    11 |       |       |       ||    11
       Dagger            |       |    80 |    86 |       ||   166
       Whip              |       |       |   115 |    35 ||   150
       Mace              |       |       |    18 |       ||    18
       Flail             |       |       |       |    39 ||    39
       Staff             |       |       |       |    61 ||    61
 Cast: Sandblast         |    47 |    74 |    54 |     8 ||   183
       Passwall          |     1 |     2 |       |     1 ||     4
       Stone Arrow       |       |     2 |   144 |   100 ||   246
       Lee's Rapid Decon |       |       |     4 |       ||     4
  Use: Scroll            |       |       |       |    17 ||    17
 Stab: Sleeping          |       |     1 |       |       ||     1
Armor: Robe              |     5 |    54 |   124 |    91 ||   274
Dodge: Dodged            |    15 |    90 |   177 |   133 ||   415
Block: Buckler           |       |     5 |    56 |    46 ||   107
